 Dungeon Crawl Stone Soup version 0.21-a0-79-g04744e2 (webtiles) character file.

218 Ijustatesigmund the Sneak (level 5, 38/38 HPs)
             Began as an Octopode Assassin on June 22, 2017.
             Quit the game on level 3 of the Dungeon.
             The game lasted 00:06:40 (2025 turns).

Ijustatesigmund the Sneak (Octopode Assassin)       Turns: 2025, Time: 00:06:41

Health: 38/38      AC:  1    Str: 11    XL:     5   Next: 95%
Magic:  5/5        EV: 13    Int: 11    God:
Gold:   139        SH:  0    Dex: 14    Spells: 4/4 levels left

rFire    . . .     SeeInvis .   k - +2 dagger (venom)
rCold    . . .     Gourm    .   (no shield)
rNeg     . . .     Faith    .   (helmet restricted)
rPois    .         Spirit   .   (no amulet)
rElec    .         Reflect  .   (no ring)
rCorr    .         Harm     .   (no ring)
MR       .....                  (no ring)
Stlth    ++++......             (no ring)
HPRegen  0.12/turn              (no ring)
MPRegen  0.09/turn              (no ring)
                                (no ring)
                                (no ring)

@: no status effects
A: almost no armour, stealthy swim, amphibious, 8 rings, constrict 8, camouflage
1, dopey 1, screaming 1, gelatinous body 1, evolution 1
a: no special abilities


You were on level 3 of the Dungeon.
You were not hungry.

You visited 1 branch of the dungeon, and saw 3 of its levels.

You collected 139 gold pieces.

Inventory:

Hand Weapons
 a - a +2 dagger
 b - a +0 blowgun
 k - a +2 dagger of venom (weapon)
Missiles
 c - 26 poisoned needles
 d - 7 curare-tipped needles
Scrolls
 i - 2 scrolls of remove curse
 l - 2 scrolls of fog
 m - 2 scrolls of teleportation
Potions
 e - 2 potions of flight
 g - a potion of agility
 p - a potion of berserk rage
Comestibles
 f - 6 bread rations
 h - 3 meat rations
 j - 2 fruits
 n - 2 royal jellies


   Skills:
 - Level 4.5 Fighting
 + Level 3.2 Short Blades
 + Level 2.8 Throwing
 + Level 2.0 Dodging
 - Level 5.3 Stealth


You had 4 spell levels left.
You didn't know any spells.

Dungeon Overview and Level Annotations

Branches:
Dungeon (3/15)

Altars:
Okawaru
Xom
The Shining One


Innate Abilities, Weirdness & Mutations

You cannot wear most types of armour.
You are very stealthy in the water. (Stealth+)
You are amphibious.
You can wear up to eight rings at the same time.
You can use your tentacles to constrict eight enemies at once.
Your skin changes colour to match your surroundings (Stealth+).
Your rubbery body absorbs attacks. (AC +1, EV +1)
You are dopey. (Int -2)
You occasionally shout uncontrollably at your foes.
You evolve.


Message History

No target in view!
No target in view!
No target in view!
No target in view!
No target in view!
No target in view!
You see here an adder corpse.
q - 2 metallic green potions
As you read the scroll of identify, it crumbles to dust.
p - a potion of berserk rage
As you read the scroll of identify, it crumbles to dust.
q - 2 potions of mutation You feel extremely strange.
One of your lower tentacles grows a sharp spike.
You feel stupid.
You feel yourself wasting away.
You feel agile.
You feel extremely strange.
Your tentacle spike disappears.
You feel healthier.
You feel the urge to shout.
You feel clumsy.
You feel nature experimenting on you.
Don't worry, failures die fast.
Are you sure you want to abandon this character and quit the game? (Confirm with "yes".)

#.###.###.#
#......).. ##..
#># #.# #.#
#.######## #...
#.# #.# #.# #.#
#.... #.# #.# #.#
#.# .......
#.###.###.#####.#
# ###....
##...............#
.# ##...
##..######.#####.#
#.## ##..
.#..######.#
#.###...# ##.
...........#
#@.†....# #.
#...##.#####
#####...# ##..# #
#### .##... .
###.. . .## # # #


There were no monsters in sight!

Vanquished Creatures
  An orc priest (D:3)
  An orc wizard (D:3)
  Terence (D:2)
  4 gnolls
  4 adders
  2 dart slugs
  A leopard gecko (D:3)
  2 orcs (D:3)
  4 giant cockroaches
  7 goblins
  4 hobgoblins
  3 jackals (D:1)
  3 bats (D:1)
  2 frilled lizards (D:3)
  15 kobolds
  6 rats
60 creatures vanquished.

Notes
Turn   | Place    | Note
-------+----------+-------------------------------------------
     0 | D:1      | Ijustatesigmund the Octopode Assassin began the quest for the Orb.
     0 | D:1      | Reached XP level 1. HP: 14/14 MP: 1/1
   184 | D:1      | Reached XP level 2. HP: 17/20 MP: 2/2
   354 | D:1      | Found a shimmering altar of Xom.
   367 | D:1      | Reached XP level 3. HP: 24/26 MP: 3/3
   698 | D:2      | Found a faded altar of an unknown god.
   794 | D:2      | Found an iron altar of Okawaru.
   915 | D:2      | Noticed Terence
   934 | D:2      | Killed Terence
   934 | D:2      | Reached XP level 4. HP: 20/34 MP: 4/4
  1376 | D:3      | Reached XP level 5. HP: 17/38 MP: 5/5
  1972 | D:3      | Found a glowing golden altar of the Shining One.
  2023 | D:3      | Gained mutation: One of your tentacles bears a spike. [potion of mutation]
  2023 | D:3      | Gained mutation: You are dopey. (Int -2) [potion of mutation]
  2023 | D:3      | Gained mutation: Your body sometimes deteriorates upon taking damage. [potion of mutation]
  2023 | D:3      | Gained mutation: You are agile. (Dex +2) [potion of mutation]
  2024 | D:3      | Lost mutation: One of your tentacles bears a spike. [potion of mutation]
  2024 | D:3      | Lost mutation: Your body sometimes deteriorates upon taking damage. [potion of mutation]
  2024 | D:3      | Gained mutation: You occasionally shout uncontrollably at your foes. [potion of mutation]
  2024 | D:3      | Lost mutation: You are agile. (Dex +2) [potion of mutation]
  2024 | D:3      | Gained mutation: You evolve. [potion of mutation]
  2025 | D:3      | Quit the game

Vault maps used:
D:1:      dpeg_arrival_leaves_temple_mockup, xom_teletrap_fun
D:2:      chequers_ecumenical_altar_island, okawaru_gym_becter, uniq_terence
D:3:      tso_metal_star, uniq_jessica

Skill      XL: |  1  2  3  4  5 |
---------------+----------------+-----
Fighting       | 3 4 |  4.5
Short Blades   | 3 |  3.2
Dodging        | 2 |  2.0
Throwing       | |  2.8
Stealth        | |  5.3

Action                   |  1- 3 |  4- 6 || total
-------------------------+-------+-------++-------
Melee: Dagger            |    56 |    42 ||    98
       Constrict         |    15 |    12 ||    27
       Tentacles         |     8 |     8 ||    16
 Fire: Blowgun           |     2 |     9 ||    11
  Use: Scroll            |     4 |     4 ||     8
       Potion            |     1 |     6 ||     7
 Stab: Sleeping          |    13 |     5 ||    18
  Eat: Chunk             |       |     3 ||     3
Armor: Skin              |     2 |     1 ||     3
Dodge: Dodged            |    21 |    31 ||    52
